 Dungeon Crawl Stone Soup version 0.29-a0-542-g075992c915 (webtiles) character file.

Game seed: 15153379880304011684

28116 happo123 the Covert (level 13, -14/78 HPs)
             Began as a Kobold Enchanter on June 5, 2022.
             Was an Elder of Wu Jian.
             Demolished by an orc warlord
             ... wielding a +1 vorpal great mace
              (45 damage)
             ... on level 2 of the Orcish Mines.
             The game lasted 01:47:17 (16906 turns).

happo123 the Covert (Kobold Enchanter)             Turns: 16906, Time: 01:47:18

Health: -14/78     AC: 19    Str:  6    XL:     13   Next: 71%
Magic:  17/25      EV: 21    Int: 20    God:    Wu Jian [****..]
Gold:   973        SH:  0    Dex: 22    Spells: 10/28 levels left

rFire   . . .      SeeInvis .   f - +0 rapier (venom)
rCold   . . .      Faith    .   (no shield)
rNeg    . . .      Spirit   .   Y - +3 troll leather armour
rPois   .          Reflect  .   e - +0 helmet
rElec   .          Harm     .   G - +0 cloak
rCorr   .          Rampage  .   (no gloves)
Will    .....                   (no boots)
Stlth   ++++++....              R - amulet of regeneration
HPRegen 1.83/turn               j - +4 ring of protection
MPRegen 0.19/turn               X - +6 ring of dexterity

@: confusing by touch, ice-armoured, freezing walls
A: small, no large weapons, nightstalker 3
a: Renounce Religion, Wall Jump, Serpent's Lash


You were on level 2 of the Orcish Mines.
You worshipped Wu Jian.
Wu Jian was greatly pleased with you.
You visited 3 branches of the dungeon, and saw 15 of its levels.
You also visited: Sewer.

You collected 1291 gold pieces.
You spent 318 gold pieces at shops.

Inventory:

Hand Weapons
 a - a +1 dagger
 f - a +0 rapier of venom (weapon)
 l - the +8 hand axe of Ash {vorpal, rN++}
   (You found it on level 2 of the Dungeon)

   It inflicts extra damage upon your enemies.
   rN:        It greatly protects you from negative energy.
Armour
 b - a +0 robe
 e - a +0 helmet (worn)
 G - a +0 cloak (worn)
 H - an orb of energy
 N - a +3 leather armour
 P - +0 steam dragon scales
 Y - a +3 troll leather armour (worn)
Magical Staves
 p - a staff of conjuration
Jewellery
 j - a +4 ring of protection (left hand)
 v - a ring of ice
 y - a ring of poison resistance
 B - a ring of flight
 K - a ring of fire
 R - an amulet of regeneration (around neck)
 X - a +6 ring of dexterity (right hand)
Wands
 U - a wand of flame (3)
 V - a wand of mindburst (7)
 W - a wand of iceblast (6)
Scrolls
 g - a scroll of enchant armour
 h - 2 scrolls of blinking {unknown}
 i - 5 scrolls of teleportation
 m - 2 scrolls of identify
 o - 2 scrolls of silence
 r - 2 scrolls of brand weapon
 s - a scroll of fog
 t - a scroll of enchant weapon {unknown}
 w - 3 scrolls of vulnerability
 A - 4 scrolls of noise
 C - a scroll of summoning
 D - 3 scrolls of magic mapping
 M - a scroll of fear {unknown}
 O - 2 scrolls of torment
 Q - a scroll of poison {unknown}
Potions
 c - 4 potions of invisibility
 d - 5 potions of degeneration
 k - a potion of magic {unknown}
 n - 4 potions of might
 q - 2 potions of cancellation {unknown}
 u - 3 potions of brilliance {unknown}
 x - a potion of lignification {unknown}
 z - 5 potions of curing
 E - 4 potions of haste {unknown}
 F - 2 potions of mutation {unknown}
 I - 4 potions of flight {unknown}
 J - a potion of heal wounds {unknown}
 L - 5 potions of attraction {unknown}
Miscellaneous
 S - a tin of tremorstones (2/2)
 T - a phial of floods


   Skills:
 + Level 8.2 Fighting
 + Level 10.1 Short Blades
 + Level 3.4 Armour
 + Level 9.4 Dodging
 + Level 11.5 Stealth
 + Level 8.0 Spellcasting
 + Level 4.2 Conjurations
 * Level 11.4 Hexes
 - Level 6.0 Ice Magic
 - Level 6.0 Evocations


You had 10 spell levels left.
You knew the following spells:

 Your Spells              Type           Power      Damage    Failure   Level
a - Ensorcelled Hibernat  Hex/Ice        84%        N/A       1%          2
b - Confusing Touch       Hex            52%        N/A       1%          3
c - Tukima's Dance        Hex            52%        N/A       1%          3
d - Frozen Ramparts       Ice            64%        1d8       3%          3
e - Ozocubu's Armour      Ice            32%        N/A       3%          3
f - Fulminant Prism       Conj/Hex       19%        3d11      4%          4

Your spell library contained the following spells:

 Spells                   Type           Power      Damage    Failure   Level
 Freeze                   Ice            100%       1d11      1%          1
 Dazzling Flash           Conj/Hex       78%        N/A       1%          3
 Magic Dart               Conj           100%       1d8       2%          1
 Searing Ray              Conj           50%        2d6       3%          2
 Apportation              Tloc           16%        N/A       13%         1
 Necrotize                Necr           32%        1d5       13%         1
 Summon Small Mammal      Summ           32%        N/A       13%         1
 Hailstorm                Conj/Ice       28%        3d8       16%         4
 Blink                    Tloc           16%        N/A       19%         2
 Lesser Beckoning         Tloc           8%         N/A       36%         3
 Iskenderun's Mystic Bla  Conj/Tloc      16%        2d5       47%         4
 Animate Armour           Summ/Erth      16%        N/A       77%         4
 Blade Hands              Tmut           4%         N/A       98%         5
 Lee's Rapid Deconstruct  Erth           4%         3d6*      98%         5
 Manifold Assault         Tloc           8%         N/A       98%         5
 Iron Shot                Conj/Erth      8%         9d3       100%        6
 Ozocubu's Refrigeration  Ice            16%        4d8       100%        7


Dungeon Overview and Level Annotations

Branches:
Dungeon (12/15)            Temple (1/1) D:7            Lair (0/6) D:11
    Orc (2/2) D:9           Sewer (visited)
    Elf: Orc:2

Altars:
Ashenzari
Cheibriados
Dithmenos
Elyvilon
Fedhas
Gozag
Hepliaklqana
Kikubaaqudgha
Makhleb
Nemelex Xobeh
Okawaru
Qazlal
Ru
Sif Muna
Trog
Uskayaw
Vehumet
Wu Jian
Xom
Yredelemnul
Zin
The Shining One

Shops:
D:4 (:?[   D:8 *   D:10 (   Orc:2 (*


Innate Abilities, Weirdness & Mutations

You are small and have problems with some larger weapons.
You are completely attuned to the shadows.


Message History

The wall freezes the orc knight.
The orc knight unwields a +0 arbalest.
The orc knight wields a +0 dire flail.
The orc knight hits you with a +0 dire flail!!
You hear a howl!
Casting: Frozen Ramparts (dangerous; 3% risk of failure)
Confirm with . or Enter, or press ? or * to list all spells.
Aiming: Tukima's Dance (safe; 1% risk of failure)
Press: ? - help, Shift-Dir - straight line, f - orc warlord
Aim: an orc warlord, wielding a +1 vorpal great mace and wearing a +2 chain mail of poison resistance (lightly wounded, strong, chance to affect: 37%)
Okay, then.
Casting: Tukima's Dance (safe; 1% risk of failure)
Confirm with . or Enter, or press ? or * to list all spells.
Your hands begin to glow red.
The wall freezes the orc.
The orc closely misses you.
The wall freezes the orc warlord!
The wall freezes the orc knight!
The orc knight closely misses you.
You hit the orc warlord but do no damage.
The orc warlord is lightly wounded.
The wall freezes the orc.
The orc barely misses you.
The wall freezes the orc warlord.
The orc warlord hits you with a +1 vorpal great mace!
The wall freezes the orc knight.
The orc knight misses you.
You hit the orc warlord but do no damage.
The orc warlord is lightly wounded.
The orc knight no longer looks unusually strong.
The wall freezes the orc.
You kill the orc!
The Council accepts your kill.
The wall freezes the orc warlord!
The orc warlord roars a battlecry!
The orc knight goes into a battle-frenzy!
You hit the orc warlord but do no damage.
The orc warlord is lightly wounded.
The wall freezes the orc knight.
The orc knight hits you with a +0 dire flail!
You barely miss the orc warlord.
The orc warlord is lightly wounded.
The wall freezes the orc warlord.
The orc warlord hits you with a +1 vorpal great mace!!!
Ouch! That really hurt!
You die...

#......P.....)..#
#........P.......#
##..............##
##....#.....#...#
##..........###..#
#....#.#.#...#.....#
##.########.#.......
### ##o.....#...#
#@o)..........
##)#)...ho.....
##)..o.P.......
##......o......
#........h.....
#...#...).∩.....
......P.........
............)...
.#......8o....


You could see an orc warlord (strong) and an orc knight (strong, poisoned).

Vanquished Creatures
  Josephine (Orc:1)
  3 boulder beetles (D:12)
  A hydra (D:11)
  3 two-headed ogres
  An orc high priest (Orc:1)
  A deep elf pyromancer (D:11)
  3 orc knights
  3 orc sorcerers (Orc:2)
  A cyclops (D:11)
  A manticore (D:11)
  Maurice (D:10)
  2 gargoyles
  Maggie (D:8)
  3 unseen horrors
  A komodo dragon (D:10)
  6 trolls
  A hornet (D:8)
  Prince Ribbit (D:5)
  9 slime creatures (D:12)
  13 yaks
  A shadow (D:9)
  The ghost of grumblor the Archer, an amateur SpHu (D:3)
  A vampire (D:10)
  A human (D:11)
  8 wraiths
  2 basilisks (D:11)
  3 wyverns
  7 vampire mosquitoes (D:12)
  2 steam dragons
  4 wargs
  6 water moccasins
  A black bear (D:4)
  2 sky beasts
  21 orc warriors
  10 ogres
  9 centaurs
  4 kobold brigands
  3 bullfrogs
  3 scorpions
  A gnoll sergeant (D:4)
  A necrophage (D:7)
  3 wights
  2 howler monkeys
  A crimson imp (D:11)
  2 hounds
  A jelly (D:5)
  Crazy Yiuf (D:6)
  13 orc priests
  A gnoll shaman (D:7)
  12 orc wizards
  3 iguanas
  13 gnolls
  15 adders
  7 river rats
  2 shadow imps
  2 worms
  2 dart slugs
  66 orcs
  25 ball pythons
  9 endoplasms
  7 giant cockroaches
  7 goblins
  7 hobgoblins
  5 jackals (D:4)
  2 quokkas
  2 bats (D:1)
  3 frilled lizards (D:2)
  19 kobolds
  29 rats
408 creatures vanquished.

Vanquished Creatures (collateral kills)
  Sigmund (D:4)
  An orc warrior (Orc:1)
  3 wights
  2 gnolls (D:4)
  An orc (Orc:1)
8 creatures vanquished.

Vanquished Creatures (others)
  A jelly (D:7)
  25 fungi
  13 plants (D:11)
39 creatures vanquished.

Grand Total: 455 creatures vanquished

Notes
Turn   | Place    | Note
-------+----------+-------------------------------------------
     0 | D:1      | happo123 the Kobold Enchanter began the quest for the Orb.
     0 | D:1      | Reached XP level 1. HP: 10/10 MP: 3/3
    13 | D:1      | Noticed an electric eel
   376 | D:1      | Reached XP level 2. HP: 16/16 MP: 5/5
   379 | D:1      | Learned a level 2 spell: Ensorcelled Hibernation
   695 | D:1      | Reached XP level 3. HP: 20/20 MP: 6/6
   707 | D:1      | Learned a level 3 spell: Confusing Touch
  1359 | D:2      | Reached skill level 1 in Fighting
  1359 | D:2      | Reached XP level 4. HP: 25/25 MP: 7/7
  1417 | D:2      | Identified the +8 hand axe of Ash {vorpal, rN++}
  2145 | D:3      | Noticed a water moccasin
  2245 | D:3      | Reached XP level 5. HP: 29/29 MP: 8/8
  2252 | D:3      | Learned a level 3 spell: Tukima's Dance
  2275 | D:3      | Found a runed translucent door.
  2278 | D:3      | Noticed grumblor's ghost (amateur SpHu)
  2373 | D:3      | Killed grumblor's ghost
  2374 | D:3      | Reached skill level 5 in Stealth
  2374 | D:3      | Reached skill level 1 in Ice Magic
  2374 | D:3      | Reached XP level 6. HP: 16/35 MP: 5/10
  2654 | D:3      | You fall into a shaft and drop 1 floor!
  2710 | D:3      | Killed a water moccasin
  2711 | D:3      | Reached XP level 7. HP: 40/40 MP: 11/11
  2918 | D:4      | Noticed Sigmund
  2933 | D:4      | Found Yruacrameo's Antique Armour Shop.
  3086 | D:4      | Found Ticadgh's Weapon Shoppe.
  3263 | D:4      | Found Tuantuof's Magic Scroll Emporium.
  3648 | D:4      | Reached skill level 5 in Hexes
  3666 | D:4      | Found Veuttah's Book Emporium.
  3920 | D:4      | Killed Sigmund
  3921 | D:4      | Reached XP level 8. HP: 27/46 MP: 1/13
  3961 | D:5      | Entered Level 5 of the Dungeon
  4286 | D:5      | Noticed Prince Ribbit
  4291 | D:5      | Killed Prince Ribbit
  4603 | D:5      | Reached XP level 9. HP: 51/51 MP: 15/15
  4842 | D:5      | Reached skill level 5 in Dodging
  4973 | D:4      | Bought a book of Frost for 264 gold pieces
  4977 | D:4      | Learned a level 3 spell: Frozen Ramparts
  4998 | D:4      | Bought a scroll of identify for 22 gold pieces
  5063 | D:6      | Reached skill level 5 in Short Blades
  5159 | D:6      | Found a hide-covered altar of Uskayaw.
  5331 | D:6      | Found a glowing drain.
  5335 | Sewer    | Entered a sewer
  5779 | D:6      | Found a runed translucent door.
  5782 | D:6      | Noticed Crazy Yiuf
  5791 | D:6      | Killed Crazy Yiuf
  5960 | D:6      | Learned a level 3 spell: Ozocubu's Armour
  6715 | D:7      | Reached skill level 1 in Evocations
  7298 | D:7      | Found a shimmering altar of Xom.
  7423 | D:7      | Found a staircase to the Ecumenical Temple.
  7429 | Temple   | Entered the Ecumenical Temple
  7900 | D:7      | Found a white marble altar of Elyvilon.
  8090 | D:8      | Reached XP level 10. HP: 58/58 MP: 17/17
  8303 | D:8      | Reached skill level 5 in Spellcasting
  8440 | D:8      | Found Qots's Evil Emporium.
  8690 | D:8      | Reached skill level 5 in Fighting
  8946 | D:8      | Noticed Maggie
  8964 | D:8      | Killed Maggie
  9949 | D:9      | Found a staircase to the Orcish Mines.
 10385 | D:9      | Noticed a two-headed ogre
 10392 | D:9      | Killed a two-headed ogre
 10393 | D:9      | Reached skill level 5 in Ice Magic
 10393 | D:9      | Reached XP level 11. HP: 41/64 MP: 15/19
 11008 | D:10     | Entered Level 10 of the Dungeon
 11037 | D:10     | Found an ornate altar of the Wu Jian Council.
 11041 | D:10     | Became a worshipper of the Wu Jian Council
 11054 | D:10     | Found Acoxuole's Antique Weapon Emporium.
 11695 | D:10     | Noticed Maurice
 11713 | D:10     | Killed Maurice
 11917 | D:10     | Found a blossoming altar of Fedhas.
 11947 | D:10     | Found an iron altar of Okawaru.
 12103 | D:10     | Found an opulent altar of Gozag.
 12191 | D:11     | Noticed a cyclops
 12194 | D:11     | Killed a cyclops
 12215 | D:11     | Found a staircase to the Lair.
 12252 | D:11     | Reached skill level 5 in Evocations
 12278 | D:11     | Reached * piety under Wu Jian
 12420 | D:11     | Noticed a deep elf pyromancer
 12433 | D:11     | Killed a deep elf pyromancer
 12437 | D:11     | Reached XP level 12. HP: 23/71 MP: 14/21
 12662 | D:11     | Reached skill level 10 in Stealth
 13010 | D:11     | Noticed a six-headed hydra
 13034 | D:11     | HP: 3/71 [six-headed hydra (13)]
 13034 | D:11     | Killed a six-headed hydra
 13035 | D:11     | Reached skill level 1 in Armour
 13035 | D:11     | Reached skill level 1 in Conjurations
 13320 | D:11     | Noticed a two-headed ogre
 13324 | D:11     | Killed a two-headed ogre
 13514 | D:12     | Noticed a boulder beetle
 13517 | D:12     | Killed a boulder beetle
 13518 | D:12     | Reached skill level 10 in Hexes
 13739 | D:12     | Noticed a boulder beetle
 13758 | D:12     | Killed a boulder beetle
 13845 | D:12     | Noticed a boulder beetle
 13851 | D:12     | Killed a boulder beetle
 13999 | D:12     | Reached ** piety under Wu Jian
 14610 | D:12     | Reached XP level 13. HP: 76/76 MP: 18/24
 15019 | Orc:1    | Entered Level 1 of the Orcish Mines
 15061 | Orc:1    | Noticed Josephine
 15076 | Orc:1    | HP: 3/77 [wraith[Josephine] (7)]
 15442 | Orc:1    | Killed Josephine
 15506 | Orc:1    | You fall into a shaft and drop 1 floor!
 15506 | Orc:2    | Entered Level 2 of the Orcish Mines
 15642 | Orc:1    | Reached *** piety under Wu Jian
 16625 | Orc:2    | Learned a level 4 spell: Fulminant Prism
 16638 | Orc:2    | Reached skill level 10 in Short Blades
 16704 | Orc:2    | Found Raumor's Antique Weapon Emporium.
 16713 | Orc:2    | Reached **** piety under Wu Jian
 16765 | Orc:2    | Found Ceusk's General Store.
 16793 | Orc:2    | Noticed an orc warlord
 16795 | Orc:2    | Bought a scroll of identify for 32 gold pieces
 16906 | Orc:2    | Demolished by an orc warlord

Illustrated notes

Levels and vault maps discovered:
D:1:      arrival_aquarium_a, layout_loops_corners
D:2:      layout_basic, minmay_misc_feat_room
D:3:      wander_river, layout_basic, hellmonk_ghost_happy_afterlife
D:4:      layout_cave_pools, serial_shops, nicolae_shop_bloodbath_and_beyond,
          kennysheep_little_box, shop, nicolae_shop_crystal, uniq_sigmund
D:5:      layout_loops_ring, minmay_misc_feat_four_crosses,
          roderic_serpentine_path, uniq_prince_ribbit1
D:6:      layout_basic, eat_drink_and_be_merry_uskayaw, gup_sewer_entry_spiral,
          kennysheep_generic_room_11, uniq_crazy_yiuf_cottage
D:7:      layout_cave_pods, overflow_temple_1_default,
          nicolae_overflow_crystal_walls, lemuel_temple_firewalk_a,
          serial_glass, glass_columns_a, glass_columns_a, glass_columns_b,
          glass_columns_a, glass_columns_c, glass_columns_b, glass_columns_b,
          glass_columns_b, glass_columns_a, glass_columns_a, dk_vineyard_1
D:8:      layout_loops_ring, minivault_19, nicolae_evil_shop, uniq_maggie
D:9:      layout_cave_pods, hiddenorc1_lemuel, nrook_campfire
D:10:     layout_loops_ring, mainiacjoe_overflow_big_doors,
          mainiacjoe_overflow_two_lobes, serial_shops, shop, uniq_maurice
D:11:     layout_gridville, minmay_lair_entry_grove, st_stairs_2,
          hangedman_stone_soup
D:12:     layout_basic, chequers_serial_rivers_large_a
Temple:   regret_index_temple_generic_petals
Orc:1:    layout_caves, nicolae_orc_pool_cavern, uniq_josephine
Orc:2:    grunt_orc_gardens, layout_caves, grunt_orc_garden, grunt_orc_garden,
          grunt_orc_garden, grunt_orc_garden, ebering_ghost_rock_garden

Skill      XL: |  1  2  3  4  5  6  7  8  9 10 11 12 13 |
---------------+----------------------------------------+-----
Short Blades   | 2 3 4 6 7 8 9 10 | 10.1
Fighting       | 1 2 3 4 5 6 7 8 |  8.2
Dodging        | 3 4 5 6 7 8 9 |  9.4
Hexes          | 4 5 6 7 8 9 10 11 | 11.4
Stealth        | 5 6 7 8 9 10 11 | 11.5
Ice Magic      | 1 2 3 4 5 6 |  6.0
Spellcasting   | 3 4 5 6 7 8 |  8.0
Evocations     | 1 3 5 6 |  6.0
Armour         | 2 3 |  3.4
Conjurations   | 2 4 |  4.2

Action                   |  1- 3 |  4- 6 |  7- 9 | 10-12 | 13-15 || total
-------------------------+-------+-------+-------+-------+-------++-------
Melee: Rapier            |    42 |    39 |   184 |   305 |   213 ||   783
       Dagger            |     3 |       |       |       |       ||     3
       Punch             |       |     1 |     3 |     2 |     3 ||     9
 Cast: Ensorcelled Hiber |     5 |     8 |    67 |    40 |    36 ||   156
       Confusing Touch   |       |     1 |     6 |    27 |    18 ||    52
       Tukima's Dance    |       |       |    11 |     1 |     5 ||    17
       Frozen Ramparts   |       |       |     2 |    25 |    12 ||    39
       Ozocubu's Armour  |       |       |       |    23 |    10 ||    33
Invok: Lunge             |       |       |       |    37 |    18 ||    55
       Whirlwind         |       |       |       |    12 |     6 ||    18
  Use: Scroll            |       |       |     6 |     5 |     5 ||    16
       Potion            |       |       |       |     2 |     1 ||     3
 Stab: Sleeping          |    23 |    23 |    74 |    54 |    29 ||   203
       Confused          |       |     2 |     1 |    17 |    15 ||    35
       Distracted        |       |       |     1 |     1 |     2 ||     4
       Invisible         |       |       |       |     3 |       ||     3
Armor: Robe              |     5 |     6 |    38 |    16 |       ||    65
       Leather armour    |       |       |       |   112 |    21 ||   133
       Troll leather arm |       |       |       |       |    15 ||    15
Dodge: Dodged            |    18 |    14 |   158 |   217 |   146 ||   553

Table legend: (Time is in decaauts)
 A = Elapsed time spent in this place.
 B = Non-inter-level travel time spent in this place.
 C = Inter-level travel time spent in this place.
 D = Time resting spent in this place.
 E = Time spent auto-exploring this place.
 F = Levels seen in this place.
 G = Mean time per level.
                   A        B        C        D        E       F      G
               +--------+--------+--------+--------+--------+-----+--------+
         Total |  16880 |  12894 |   3986 |   2324 |   7332 |  16 | 1055.0 |
       Dungeon |  14765 |  11329 |   3436 |   1974 |   6998 |  12 | 1230.4 |
        Temple |    279 |    243 |     36 |      0 |    230 |   1 |  279.0 |
  Orcish Mines |   1508 |    994 |    514 |    326 |     76 |   2 |  754.0 |
         Sewer |    327 |    327 |      0 |     24 |     28 |   1 |  327.0 |
               +--------+--------+--------+--------+--------+-----+--------+

Top non-repeatable levels by time:
     D:9: 2087 daAuts
    D:12: 1400 daAuts
     D:7: 1360 daAuts
    D:11: 1304 daAuts
     D:8: 1291 daAuts
    D:10: 1199 daAuts
     D:4: 1163 daAuts
     D:1: 1123 daAuts
     D:6: 1046 daAuts
     D:2: 1026 daAuts
     D:5: 980 daAuts
   Orc:1: 794 daAuts
     D:3: 781 daAuts
   Orc:2: 713 daAuts
   Sewer: 327 daAuts
